 Dungeon Crawl Stone Soup version 0.28.0 (webtiles) character file.

Game seed: 3333045819666654376

163 fragbeetle the Chopper (level 5, -2/45 HPs)
             Began as a Hill Orc Cinder Acolyte on Feb 7, 2022.
             Was a High Priest of Ignis.
             Killed by nerve-wracking pain
             ... invoked by an orc priest
              (9 damage)
             ... on level 4 of the Dungeon.
             The game lasted 00:04:11 (3118 turns).

fragbeetle the Chopper (Hill Orc Cinder Acolyte)    Turns: 3118, Time: 00:04:12

Health: -2/45      AC:  6    Str: 19    XL:     5   Next: 44%
Magic:  0/6        EV: 10    Int: 14    God:    Ignis [*****.]
Gold:   113        SH:  0    Dex:  6    Spells: 4/6 levels left

rFire   + . .      SeeInvis .   a - -1 hand axe (flame)
rCold   . . .      Faith    .   (no shield)
rNeg    . . .      Spirit   .   d - +0 ring mail
rPois   .          Reflect  .   (no helmet)
rElec   .          Harm     .   e - +0 cloak
rCorr   .          Rampage  .   (no gloves)
Will    .....                   (no boots)
Stlth   ..........              (no amulet)
HPRegen 0.15/turn               (no ring)
MPRegen 0.10/turn               (no ring)

@: no status effects
A: no striking features
a: Renounce Religion, Convert to Beogh, Fiery Armour, Foxfire Swarm, Rising
Flame


You were on level 4 of the Dungeon.
You worshipped Ignis.
Ignis was extremely pleased with you.
You visited 1 branch of the dungeon, and saw 4 of its levels.

You collected 113 gold pieces.

Inventory:

Hand Weapons
 a - a -1 hand axe of flaming (weapon)
 q - a +4 quarterstaff
Missiles
 j - 9 poisoned darts (quivered)
Armour
 d - a +0 ring mail (worn)
 e - a +0 cloak (worn)
 k - a +0 buckler
Jewellery
 p - a ring of resist corrosion
Wands
 n - a wand of charming (6)
Scrolls
 b - a scroll of summoning {unknown}
 c - 7 scrolls of teleportation {unknown}
 f - a scroll of torment {unknown}
 g - a scroll of immolation {unknown}
 i - a scroll of identify {unknown}
 l - a scroll of magic mapping {unknown}
Potions
 h - 2 potions of mutation {unknown}
 m - a potion of magic {unknown}
 o - a potion of curing {unknown}


   Skills:
 - Level 3.6 Fighting
 * Level 6.6 Axes
 - Level 1.0 Spellcasting
 * Level 4.8 Fire Magic


You had 4 spell levels left.
You knew the following spells:

 Your Spells              Type           Power      Damage    Failure   Level
a - Scorch                Fire           28%        2d6       10%         2

Your spell library contained the following spells:

 Spells                   Type           Power      Damage    Failure   Level


Dungeon Overview and Level Annotations

Branches:
Dungeon (4/15)
 Temple: D:4-7

Altars:
Ashenzari
Cheibriados
Fedhas


Message History

The orc is heavily wounded.
The orc's fire resistance burns away.
Something hits you but does no damage.
Unknown command.
Casting: Scorch (safe; 10% risk of failure)
Confirm with . or Enter, or press ? or * to list all spells.
Flames lash the orc priest.
The orc priest is almost dead.
The orc priest's fire resistance burns away.
You hear a shout!
The orc priest drinks a potion.
The orc priest seems to grow stronger.
Something hits you but does no damage.
Casting: Scorch (safe; 10% risk of failure)
Confirm with . or Enter, or press ? or * to list all spells.
Flames lash something.
The orc priest shouts, "Join the one true god or die!"
Something hits you but does no damage.
Unknown command.
You hit something but do no damage.
The orc priest shouts, "Beogh is our master!
Accept the truth or die!"
The orc is no longer more vulnerable to fire.
The orc priest casts a cantrip, but nothing happens.
Something hits you but does no damage.
You closely miss something.
The orc priest calls down the wrath of Beogh upon you.
Beogh smites you!
* * * LOW HITPOINT WARNING * * *
You hear some strange, mumbled words.
Something tries to affect you, but you resist.
You closely miss something. Something hits you but does no damage.
You closely miss something.
The orc priest is no longer more vulnerable to fire.
Something hits you.
* * * LOW HITPOINT WARNING * * *
A hobgoblin comes into view.
You hit something. You burn something.
Reactivating autopickup.
You feel a bit more experienced.
The orc priest calls down the wrath of Beogh upon you.
Pain shoots through your body!
You die...

#.. # ##.###.##.
#>........
####.........
#.....#.# #...g...#
#.##o#### #.##o#
#.##@# ####.# #####
#.# ##≈≈≈≈## #.#
#....≈.######.#
#.≈≈≈≈.....##.#
#.########.##'#######
#....#........#
#....'........#


You could see an orc priest (strong), an orc and a hobgoblin.

Vanquished Creatures
  A centaur skeleton (D:4)
  An iguana (D:3)
  Ijyb (D:3)
  An orc wizard (D:4)
  An adder (D:2)
  A worm (D:2)
  3 dart slugs
  An orc (D:4)
  4 endoplasms
  3 giant cockroaches
  5 hobgoblins
  15 jackals
  2 kobolds
  3 quokkas (D:1)
  5 ball pythons
  3 bats (D:1)
  2 frilled lizards (D:2)
  3 goblins
  4 rats
59 creatures vanquished.

Vanquished Creatures (others)
  4 plants (D:1)
4 creatures vanquished.

Grand Total: 63 creatures vanquished

Notes
Turn   | Place    | Note
-------+----------+-------------------------------------------
     0 | D:1      | fragbeetle the Hill Orc Cinder Acolyte began the quest for
                  | the Orb.
     0 | D:1      | Reached XP level 1. HP: 19/19 MP: 2/2
   209 | D:1      | Reached XP level 2. HP: 22/26 MP: 3/3
   490 | D:1      | Reached skill level 5 in Axes
   587 | D:1      | Found a faded altar of an unknown god.
   671 | D:1      | Reached XP level 3. HP: 31/31 MP: 4/4
  1721 | D:2      | Reached XP level 4. HP: 38/39 MP: 5/5
  1724 | D:2      | Learned a level 2 spell: Scorch
  2365 | D:3      | Noticed Ijyb
  2370 | D:3      | Killed Ijyb
  2371 | D:3      | Reached skill level 6 in Axes
  2723 | D:3      | Found a snail-covered altar of Cheibriados.
  2731 | D:3      | Reached XP level 5. HP: 45/45 MP: 1/6
  2779 | D:3      | Found a blossoming altar of Fedhas.
  2784 | D:3      | Found a broken altar of Ashenzari.
  3118 | D:4      | Killed from afar by an orc priest

Illustrated notes

Levels and vault maps discovered:
D:1:      shiori_shiawase, layout_basic, serial_forest,
          infiniplex_forest_zigzag_2, infiniplex_forest_lined_room_2,
          infiniplex_forest_straight_4, infiniplex_forest_clump_cross,
          infiniplex_forest_join, infiniplex_forest_clump_diagonal,
          infiniplex_forest_straight_4, infiniplex_forest_zigzag_2,
          shapermc_ecumenical_altar_totnotflames
D:2:      layout_loops_ring
D:3:      layout_loops_ring, minmay_overflow_temple_star_quad, uniq_ijyb
D:4:      layout_basic, minmay_temple_entry_arrows,
          chequers_serial_rivers_micro_d

Skill      XL: |  1  2  3  4 |
---------------+-------------+-----
Axes           | 5 6 |  6.6
Fire Magic     | 4 |  4.8
Fighting       | |  3.6
Spellcasting   | |  1.0

Action                   |  1- 3 |  4- 6 || total
-------------------------+-------+-------++-------
Melee: Hand axe          |   121 |    56 ||   177
       Punch             |     1 |       ||     1
 Cast: Scorch            |       |     7 ||     7
Armor: Robe              |     6 |       ||     6
       Ring mail         |    36 |    18 ||    54
Dodge: Dodged            |    75 |    27 ||   102
